AoeStats
← Oldspice

African Clearing

503914645Analyzed
3v3 RM · 1mo ago on Sep 3, 2026· 58m 39s· 6 players
Game mode
Random Map
Map size
Normal (6 player)
Population
200
Speed
Normal
Resources
Standard
Victory
Conquest
Starting age
Dark Age
Ending age
Imperial Age
RankedLock teamsTeams togetherTeam positionsShared explorationLock speedFull tech treeHidden civsTurbo modeCheats
Victory
Defeat
🇩🇴 Goths · Dominican Republic
1663
+12
🇨🇱 Khmer · Chile
1613
+14
🇦🇷 Jurchens · Argentina
1583
+15
🇨🇦 Tatars · Canada
1568
-14
🇺🇸 Hindustanis · United States
1566
-14
🇺🇸 Celts · United States
1564
-13
URU | KING RICO
3:17 Loom
15:41 Feudal Age
15:48 Man-at-Arms
16:16 Double-Bit Axe
21:59 Scale Mail Armor
22:09 Forging
24:02 Wheelbarrow
27:31 Castle Age
26:55 Horse Collar
27:17 Town Watch
27:40 Gold Mining
27:31 Long Swordsman
28:12 Squires
28:28 Chain Mail Armor
28:53 Iron Casting
30:54 Heavy Plow
34:29 Fletching
35:09 Pikeman
36:16 Bow Saw
38:43 Stone Mining
40:04 Hand Cart
44:00 Imperial Age
42:30 Anarchy
45:59 Blast Furnace
44:30 Halberdier
47:21 Conscription
47:05 Elite Huskarl
49:37 Crop Rotation
51:18 Chemistry
50:14 Bodkin Arrow
50:40 Two-Handed Swordsman
51:24 Champion
52:05 Bracer
52:31 Ballistics
52:40 Perfusion
таҗик
11:26 Loom
13:13 Feudal Age
17:02 Castle Age
17:16 Bloodlines
17:11 Loom
17:14 Light Cavalry
25:54 Pikeman
30:17 Wheelbarrow
31:01 Scale Barding Armor
31:50 Husbandry
34:43 Town Watch
43:06 Scale Mail Armor
46:13 Double-Bit Axe
50:21 Chain Mail Armor
54:14 Imperial Age
53:21 Siege Engineers
53:19 Padded Archer Armor
53:51 Hand Cart
53:48 Bow Saw
53:33 Gold Mining
53:30 Horse Collar
55:11 Thunderclap Bombs
55:22 Conscription
55:04 Fortified Bastions
55:25 Conscription
56:17 Chemistry
55:59 Leather Archer Armor
56:12 Ballistics
56:58 Coinage
59:02 Gold Shaft Mining
58:18 Stone Mining
[Mushu] Elgo Lazo
9:00 Loom
11:36 Feudal Age
12:27 Double-Bit Axe
13:34 Fletching
27:06 Castle Age
27:26 Bloodlines
27:37 Scale Barding Armor
27:29 Gold Mining
27:07 Crossbowman
39:29 Light Cavalry
54:03 Wheelbarrow
54:33 Horse Collar
57:08 Hand Cart
57:32 Bow Saw
ashleylynn
17:10 Loom
23:48 Feudal Age
24:20 Town Watch
25:05 Double-Bit Axe
25:02 Horse Collar
26:56 Wheelbarrow
32:42 Fletching
41:27 Castle Age
42:08 Bodkin Arrow
42:26 Bow Saw
42:16 Heavy Plow
Oldspice
12:05 Feudal Age
12:12 Man-at-Arms
13:49 Horse Collar
14:37 Loom
17:33 Arson
24:11 Fletching
25:28 Padded Archer Armor
27:29 Scale Mail Armor
34:03 Castle Age
32:12 Double-Bit Axe
41:15 Wheelbarrow
42:13 Pikeman
46:14 Chain Mail Armor
46:09 Forging
49:14 Bow Saw
49:50 Iron Casting
52:03 Gold Mining
56:58 Imperial Age
60:16 Imperial Age
59:01 Stronghold
IVIUSTANG
12:03 Feudal Age
12:36 Loom
12:46 Double-Bit Axe
15:17 Forging
16:47 Scale Barding Armor
23:28 Wheelbarrow
23:27 Bloodlines
26:26 Castle Age
26:30 Light Cavalry
27:12 Husbandry
28:05 Iron Casting
27:57 Bow Saw
28:43 Chain Barding Armor
38:26 Fletching
40:07 Bodkin Arrow
43:00 Ballistics
44:25 Town Watch
46:17 Padded Archer Armor
52:44 Town Watch
Connection lost

Rejoining the realm…

Still unreachable

The connection could not be restored.

Session expired

The server has moved on; the page needs a fresh start.